 Dungeon Crawl Stone Soup version 0.17.1-2-g5865329 (webtiles) character file.

2073 Peloso the Blocker (level 9, -9/75 HPs)
             Began as a Minotaur Fighter on Jan 16, 2016.
             Mangled by a hill giant
             ... wielding a +0 giant club
              (33 damage)
             ... on level 6 of the Dungeon.
             The game lasted 00:16:08 (5333 turns).

Peloso the Blocker (Minotaur Fighter)               Turns: 5333, Time: 00:16:08

Health: -9/75      AC: 16    Str: 23    XL:     9   Next: 6%
Magic:  17/17      EV:  8    Int:  5    God:
Gold:   349        SH: 11    Dex: 11    Spells: 0 memorised, 8 levels left

rFire  + . .     SeeInvis +     a - +0 long sword
rCold  . . .     Clarity  .     D - +0 chain mail {rF+}
rNeg   . . .     SustAt   .     c - +0 shield
rPois  .         Gourm    .     (helmet restricted)
rElec  .         Spirit   .     m - +1 cloak
rCorr  .         Warding  .     F - +2 pair of gloves
rMut   .         Stasis   .     (no boots)
MR     .....                    (no amulet)
Stlth  ..........               A - ring of magical power
                                f - ring of see invisible

@: not resistant to hostile enchantments, extremely unstealthy
A: retaliatory headbutt, horns 2
a: no special abilities


You were on level 6 of the Dungeon.
You were very hungry.

You visited 2 branches of the dungeon, and saw 8 of its levels.

You collected 349 gold pieces.

Inventory:

Hand Weapons
 a - a +0 long sword (weapon)
 h - a cursed -1 war axe
 C - a +1 rapier of freezing
Armour
 b - a +0 scale mail
 c - a +0 shield (worn)
 m - a +1 cloak (worn)
 t - a +0 chain mail
 D - a +0 chain mail of fire resistance (worn)
 F - a +2 pair of gloves (worn)
 J - a +0 plate armour
Jewellery
 f - a ring of see invisible (left hand)
 A - a ring of magical power (right hand)
 O - an uncursed ring of protection from cold {unknown}
Wands
 g - a wand of digging (1)
 w - a wand of frost (18)
 B - a wand of polymorph (8)
Scrolls
 j - 4 scrolls of enchant armour {unknown}
 k - a scroll of blinking {unknown}
 n - a scroll of enchant weapon {unknown}
 r - 5 scrolls of remove curse {unknown}
 y - a scroll of identify
 z - a scroll of random uselessness {unknown}
 G - 3 scrolls of recharging {unknown}
 H - 2 scrolls of summoning {unknown}
 I - 2 scrolls of noise {unknown}
 M - a scroll of fog {unknown}
 N - 2 scrolls of teleportation {unknown}
Potions
 d - a potion of might
 i - a potion of curing {unknown}
 o - a potion of brilliance
 p - 2 potions of flight {unknown}
 s - 4 potions of heal wounds {unknown}
 u - a potion of poison {unknown}
 v - 2 potions of mutation {unknown}
 x - 2 potions of agility {unknown}
Books
 K - a book of Battle

   Spells                             Type                      Level
   a - Infusion                       Charms                       1
   b - Shroud of Golubria             Charms/Translocation         2
   c - Song of Slaying                Charms                       2
   d - Spectral Weapon                Hexes/Charms                 3
   e - Regeneration                   Charms/Necromancy            3
 P - a book of Maledictions

   Spells                             Type                      Level
   a - Corona                         Hexes                        1
   b - Ensorcelled Hibernation        Hexes/Ice                    2
   c - Confuse                        Hexes                        3
   d - Tukima's Dance                 Hexes                        3
   e - Dazzling Spray                 Conjuration/Hexes            3
Comestibles
 e - 5 bread rations
 l - 2 slices of pizza
 q - a beef jerky
 E - 3 meat rations


   Skills:
 + Level 6.1 Fighting
 + Level 7.6 Long Blades
 + Level 7.3 Armour
 + Level 4.6 Dodging
 + Level 0.1 Stealth
 + Level 8.4 Shields


You had 8 spell levels left.
You didn't know any spells.

Dungeon Overview and Level Annotations

Branches:
Dungeon (7/15)             Temple (1/1) D:6

Altars:
Ashenzari
Cheibriados
Dithmenos
Elyvilon
Fedhas
Gozag
Kikubaaqudgha
Nemelex Xobeh
Qazlal
Ru
Sif Muna
Trog
Vehumet
Xom
Yredelemnul
Zin
The Shining One


Innate Abilities, Weirdness & Mutations

You reflexively headbutt those who attack you in melee.
You have a pair of horns on your head.


Message History

A wight comes into view. It is wielding an enchanted dire flail.
There is a stone staircase leading up here.
The hill giant hits you with a giant club.
You climb upwards.
There is a stone staircase leading down here.
You hit the hill giant.
The hill giant is lightly wounded.
You hit the hill giant but do no damage.
The hill giant is lightly wounded.
The hill giant hits you with a giant club!
You hit the hill giant.
The hill giant is lightly wounded.
The hill giant hits you with a giant club!!
You hit the hill giant. You headbutt the hill giant!
The hill giant is moderately wounded.
The hill giant hits you with a giant club!
You slash the hill giant!
The hill giant is heavily wounded.
The hill giant hits you with a giant club!!
You die...

#....# #.##........#
#....########.####......#
#......()(.)..######...##
#############...# #####
#...## ##...## ###.(..###
#...C....# #....@...#
###....### ##..## ####


You could see a hill giant.

Vanquished Creatures
  Eustachio (D:6)
  4 sky beasts (D:6)
  2 ogres
  2 giant frogs (D:6)
  A gnoll sergeant (D:6)
  A scorpion (D:5)
  A vampire bat (D:5)
  A centaur zombie (D:5)
  A giant frog zombie (D:5)
  A crimson imp (D:5)
  Crazy Yiuf (D:6)
  A centaur skeleton (D:4)
  A quasit (D:5)
  Ijyb (D:3)
  2 giant frog skeletons
  2 hounds (D:6)
  2 jellies (D:5)
  An orc priest (D:4)
  Jessica (D:3)
  Natasha (thrice) (D:3)
  3 worker ants
  5 orc wizards
  A hound zombie (D:6)
  A hound skeleton (D:6)
  10 gnolls
  11 adders
  A shadow imp (D:6)
  2 oozes (D:1)
  An adder zombie (D:5)
  3 adder skeletons
  A worm (D:2)
  3 fire bats (D:5)
  7 giant geckos
  16 orcs
  2 spectral bats (D:5)
  3 bat skeletons (D:5)
  A bat zombie (D:5)
  3 giant cockroaches
  9 hobgoblins
  8 jackals
  5 ball pythons
  A ball python zombie (D:5)
  18 bats
  A bat simulacrum (D:5)
  2 giant cockroach zombies
  2 giant gecko skeletons (D:5)
  2 giant gecko zombies (D:5)
  2 giant newts
  18 goblins
  5 kobolds
  4 quokkas
  A quokka skeleton (D:5)
  A quokka zombie (D:5)
  8 rats
  2 fungi (D:6)
193 creatures vanquished.

Vanquished Creatures (others)
  A quokka (D:6)
1 creature vanquished.

Grand Total: 194 creatures vanquished

Notes
Turn   | Place    | Note
--------------------------------------------------------------
     0 | D:1      | Peloso the Minotaur Fighter began the quest for the Orb.
     0 | D:1      | Reached XP level 1. HP: 19/19 MP: 0/0
   246 | D:1      | Reached XP level 2. HP: 24/27 MP: 1/1
   280 | D:1      | Reached skill level 4 in Armour
   362 | D:1      | Reached XP level 3. HP: 33/33 MP: 2/2
   868 | D:2      | Found a shattered altar of Ashenzari.
  1009 | D:2      | Reached XP level 4. HP: 33/40 MP: 3/3
  1059 | D:2      | Found a shadowy altar of Dithmenos.
  1146 | D:2      | Found a glowing golden altar of the Shining One.
  1225 | D:2      | Reached skill level 1 in Dodging
  1306 | D:2      | Found a sacrificial altar of Ru.
  1396 | D:3      | Noticed an angel
  1396 | D:3      | Found a glowing silver altar of Zin.
  1396 | D:3      | Found a shimmering altar of Xom.
  1402 | D:3      | Found a shadowy altar of Dithmenos.
  1429 | D:3      | Noticed Jessica
  1444 | D:3      | Killed Jessica
  1444 | D:3      | Reached XP level 5. HP: 45/47 MP: 4/4
  1733 | D:3      | Noticed Natasha
  1738 | D:3      | Killed Natasha
  1744 | D:3      | Noticed Natasha
  1748 | D:3      | Killed Natasha
  1773 | D:3      | Noticed Natasha
  1779 | D:3      | Killed Natasha
  1867 | D:3      | Noticed Ijyb
  1888 | D:3      | Killed Ijyb
  2168 | D:4      | Reached skill level 5 in Shields
  2168 | D:4      | Reached XP level 6. HP: 47/53 MP: 5/5
  2267 | D:4      | Found an ancient bone altar of Kikubaaqudgha.
  2592 | D:5      | Entered Level 5 of the Dungeon
  2625 | D:5      | You fall through a shaft for 2 floors!
  2680 | D:7      | Reached skill level 5 in Armour
  2805 | D:6      | Reached skill level 5 in Long Blades
  2850 | D:6      | Reached skill level 5 in Fighting
  2850 | D:6      | Reached XP level 7. HP: 58/61 MP: 6/6
  2910 | D:6      | Reached skill level 6 in Shields
  3060 | D:6      | Noticed Eustachio
  3092 | D:6      | Killed Eustachio
  3092 | D:6      | Reached XP level 8. HP: 33/69 MP: 7/7
  3270 | D:6      | Found a white marble altar of Elyvilon.
  3441 | D:6      | Found a white marble altar of Elyvilon.
  3478 | D:6      | Found a basalt altar of Yredelemnul.
  3538 | D:6      | Reached skill level 7 in Shields
  4358 | D:5      | Reached skill level 8 in Shields
  4575 | D:5      | Reached XP level 9. HP: 33/75 MP: 8/8
  4846 | D:6      | Found a staircase to the Ecumenical Temple.
  4852 | Temple   | Entered the Ecumenical Temple
  5203 | D:6      | Noticed Crazy Yiuf
  5209 | D:6      | Killed Crazy Yiuf
  5293 | D:7      | Noticed a hill giant
  5333 | D:6      | Mangled by a hill giant

Action                   |  1- 3 |  4- 6 |  7- 9 || total
-------------------------+-------+-------+-------++-------
Melee: Long sword        |    91 |   181 |   343 ||   615
Evoke: Wand              |       |       |     1 ||     1
  Use: Scroll            |       |     3 |       ||     3
  Eat: Chunk             |       |     7 |     7 ||    14
